 Dungeon Crawl Stone Soup version 0.29.0-11-gd7f09526c8 (webtiles) character file.

Game seed: 12891070359336164782

95 pacmanke6689 the Slasher (level 4, -1/33 HPs)
             Began as a Merfolk Gladiator on Sept 6, 2022.
             Slain by a gnoll
             ... wielding a +0 whip
              (3 damage)
             ... on level 2 of the Dungeon.
             The game lasted 00:03:52 (2068 turns).

pacmanke6689 the Slasher (Merfolk Gladiator)        Turns: 2068, Time: 00:03:52

Health: -1/33      AC:  4    Str: 16    XL:     4   Next: 66%
Magic:  4/4        EV: 13    Int:  7    God:
Gold:   103        SH:  0    Dex: 15    Spells: 3/3 levels left

rFire   . . .      SeeInvis .   a - +0 long sword
rCold   . . .      Faith    .   (no shield)
rNeg    . . .      Spirit   .   b - +0 leather armour
rPois   .          Reflect  .   c - +0 helmet
rElec   .          Harm     .   (no cloak)
rCorr   .          Rampage  .   (no gloves)
Will    .....                   (no boots)
Stlth   +.........              (no amulet)
HPRegen 0.11/turn               (no ring)
MPRegen 0.09/turn               (no ring)

@: no status effects
A: (nimble swimmer 2), mertail
a: no special abilities


You were on level 2 of the Dungeon.
You visited 1 branch of the dungeon, and saw 2 of its levels.

You collected 103 gold pieces.

Inventory:

Hand Weapons
 a - a +0 long sword (weapon)
Missiles
 e - a javelin (quivered)
Armour
 b - a +0 leather armour (worn)
 c - a +0 helmet (worn)
Potions
 d - 2 potions of heal wounds {unknown}
 f - 3 potions of haste {unknown}
 g - 2 potions of mutation {unknown}
 h - a potion of might {unknown}
 i - a potion of curing {unknown}


   Skills:
 + Level 2.2 Fighting
 + Level 5.1 Long Blades
 + Level 2.2 Throwing
 + Level 1.1 Armour
 + Level 4.7 Dodging
 + Level 0.2 Stealth


You had 3 spell levels left.
You didn't know any spells.
Your spell library contained the following spells:

 Spells                   Type           Power      Damage    Failure   Level
 Fireball                 Conj/Fire      0%         3d3       100%        5
 Starburst                Conj/Fire      0%         6d3       100%        6
 Ignition                 Fire           0%         3d3       100%        8


Dungeon Overview and Level Annotations

Branches:
Dungeon (2/15)

Altars:

Shops:
D:1 !


Innate Abilities, Weirdness & Mutations

((You are very nimble when in or above water. (Stealth+, EV+, Speed+++)))
Your lower body shifts to a powerful aquatic tail in water.


Message History

Your Long Blades skill increases to level 5!
You hit the gnoll.
The gnoll is heavily wounded.
You barely miss the gnoll.
The gnoll is heavily wounded.
The gnoll hits you with a +0 whip.
You hit the gnoll but do no damage.
The gnoll is heavily wounded.
The gnoll barely misses you.
You hit the gnoll.
The gnoll is severely wounded.
The gnoll hits you with a +0 whip.
You slash the gnoll!
You kill the gnoll!
You hit the gnoll.
The gnoll is moderately wounded.
The gnoll hits you with a +0 whip.
You closely miss the gnoll.
The gnoll is moderately wounded.
The gnoll hits you with a +0 whip.
You hit the gnoll.
The gnoll is heavily wounded.
The gnoll hits you with a +0 whip! The gnoll completely misses you.
You hit the gnoll.
The gnoll is almost dead.
The gnoll closely misses you.
You hit the gnoll.
You kill the gnoll!
Your Armour skill increases to level 1!
You closely miss the gnoll. The gnoll hits you with a +0 whip.
* * * LOW HITPOINT WARNING * * *
You barely miss the gnoll. The gnoll closely misses you.
You hit the gnoll.
The gnoll is lightly wounded.
The gnoll hits you with a +0 whip.
* * * LOW HITPOINT WARNING * * *
You slash the gnoll!
The gnoll is almost dead.
The gnoll hits you with a +0 whip.
You die...

.......####.#
#.####.####
............#
#......#
........#####
########
.........######
.#####.#......#
.........####.####
#######.### #...?#
#.....# ####.#
#.....# #@#
#.....# #g#
#.....# #.#
#.....# ...
####### #.# #.#
#.. ##.


You could see a gnoll.

Vanquished Creatures
  2 adders (D:2)
  3 gnolls (D:2)
  2 worms (D:2)
  A dart slug (D:2)
  4 endoplasms
  4 giant cockroaches
  4 goblins
  5 hobgoblins
  3 quokkas
  2 bats
  A frilled lizard (D:1)
  5 kobolds
  6 rats
42 creatures vanquished.

Notes
Turn   | Place    | Note
-------+----------+-------------------------------------------
     0 | D:1      | pacmanke6689 the Merfolk Gladiator began the quest for the
                  | Orb.
     0 | D:1      | Reached XP level 1. HP: 16/16 MP: 1/1
    20 | D:1      | Found Yfasuf's Distillery.
   272 | D:1      | Reached XP level 2. HP: 20/22 MP: 2/2
   345 | D:1      | Found a faded altar of an unknown god.
   394 | D:1      | Reached skill level 4 in Long Blades
   905 | D:1      | You fall into a shaft and drop 1 floor!
   972 | D:2      | Reached XP level 3. HP: 24/27 MP: 3/3
  1813 | D:2      | Reached XP level 4. HP: 23/33 MP: 4/4
  2055 | D:2      | Reached skill level 5 in Long Blades
  2065 | D:2      | Reached skill level 1 in Armour
  2068 | D:2      | Slain by a gnoll

Illustrated notes

Levels and vault maps discovered:
D:1:      dpeg_arrival_lava_altar, layout_loops_corners, serial_shops, shop,
          hellmonk_ecumenical_altar_run_dry
D:2:      layout_loops_cross

Skill      XL: |  1  2  3  4 |
---------------+-------------+-----
Long Blades    | 4 5 |  5.1
Armour         | 1 |  1.1
Fighting       | |  2.2
Throwing       | |  2.2
Dodging        | |  4.7
Stealth        | |  0.2

Action                   |  1- 3 |  4- 6 || total
-------------------------+-------+-------++-------
Melee: Long sword        |   121 |    24 ||   145
  Use: Scroll            |       |     1 ||     1
Armor: Leather armour    |    34 |     4 ||    38
Dodge: Dodged            |    89 |     9 ||    98
